 Dungeon Sprint DCSS version 0.25.1-2-g60ff931df9 (webtiles) character file.

Game seed: 18053703153747030059

4225 howech the Thaumaturge (level 10, 0/82 HPs)
             Began as a Gnoll Fire Elementalist on Oct 22, 2020.
             Was an Elder of Okawaru.
             Slain by a sun demon (16 damage)
             ... in the Dungeon (Sprint V: "Ziggurat Sprint").
             The game lasted 00:05:23 (485 turns).

howech the Thaumaturge (Gnoll Fire Elementalist)     Turns: 485, Time: 00:05:24

Health: 0/82       AC: 28    Str: 17    XL:     10   Next: 30%
Magic:  23/24      EV:  2    Int: 21    God:    Okawaru [****..]
Gold:   0          SH: 35    Dex: 21    Spells: 28/29 levels left

rFire    . . .     SeeInvis .   I - +7 Screaming Sword {vorpal, sonic wave}
rCold    . . .     Gourm    .   H - +18 shield of the Gong {rElec rN+ MR+ EV-5}
rNeg     + . .     Faith    .   G - +15 Maxwell's patent armour {-Cast -Tele rElec MR+ rCorr}
rPois    .         Spirit   .   (no helmet)
rElec    +         Reflect  +   (no cloak)
rCorr    +         Harm     .   (no gloves)
MR       ++...     NoTele   +   (no boots) Stlth ..........NoCast +
                                L - amulet of reflection
HPRegen  0.23/turn              v - +6 ring of dexterity
MPRegen  0.19/turn              z - +6 ring of strength

@: hasted, constricted, very quick
A: distributed training, fangs 1, strong nose
a: Heroism, Renounce Religion


You were in the Dungeon.
You worshipped Okawaru.
Okawaru was greatly pleased with you.
You were not hungry.

You visited 1 branch

Inventory:

Hand Weapons
 I - the +7 Screaming Sword (weapon) {vorpal, sonic wave}
   (You found it in the Dungeon)

   It inflicts extra damage upon your enemies.
 J - the +8 lance "Wyrmbane" {slay drac, rPois rF+ rC+ AC+3}
   (You found it in the Dungeon)

   It affects your AC (+3).
   It protects you from fire.
   It protects you from cold.
   It protects you from poison.
 N - the +8 frozen axe "Frostbite" {freezing cloud, *Noise +Fly rC+}
   (You found it in the Dungeon)

   It has been specially enchanted to freeze those struck by it, causing extra
   injury to most foes and up to half again as much damage against particularly
   susceptible opponents.
   It can also slow down cold-blooded creatures.
   It protects you from cold.
   It lets you fly.
   It may make noises in combat.
Armour
 a - a +0 robe
 E - +5 fire dragon scales
 F - +5 shadow dragon scales
 G - the +15 Maxwell's patent armour (worn) {-Cast -Tele rElec MR+ rCorr}
   (You found it in the Dungeon)

   It insulates you from electricity.
   It affects your resistance to hostile enchantments.
   It prevents spellcasting.
   It prevents most forms of teleportation.
   It provides partial protection from all sources of acid and corrosion.
 H - the +18 shield of the Gong (worn) {rElec rN+ MR+ EV-5}
   (You found it in the Dungeon)

   It affects your evasion (-5).
   It insulates you from electricity.
   It protects you from negative energy.
   It affects your resistance to hostile enchantments.
Jewellery
 u - an uncursed ring of flight
 v - a +6 ring of dexterity (left hand)
 w - a +6 ring of dexterity
 x - a +6 ring of intelligence
 y - a +6 ring of intelligence
 z - a +6 ring of strength (right hand)
 A - a +6 ring of strength
 L - an amulet of reflection (around neck)
Wands
 B - a wand of disintegration (7)
 C - a wand of iceblast (7)
 D - a wand of acid (7)
Scrolls
 i - 4 scrolls of blinking
 o - 4 scrolls of amnesia
 p - 7 scrolls of fog
 q - a scroll of holy word
 r - 5 scrolls of identify
 s - 5 scrolls of remove curse
 t - 2 scrolls of fear
 K - a scroll of brand weapon
Potions
 b - 2 potions of brilliance
 d - 10 potions of curing
 e - 10 potions of heal wounds
 f - 6 potions of haste
 g - 7 potions of magic
 h - 3 potions of berserk rage
 j - 2 potions of invisibility
 k - 4 potions of resistance
 m - 5 potions of stabbing
 n - 5 potions of might
Miscellaneous
 M - a lightning rod (4/4)
Comestibles
 c - 7 rations


   Skills:
 + Level 8.6 Fighting
 + Level 8.6 Short Blades
 + Level 8.6 Long Blades
 + Level 8.6 Axes
 + Level 8.6 Maces & Flails
 + Level 8.6 Polearms
 + Level 8.6 Staves
 + Level 8.6 Slings
 + Level 8.6 Bows
 + Level 8.6 Crossbows
 + Level 8.6 Throwing
 + Level 8.6 Armour
 + Level 9.8 Dodging
 + Level 9.6 Stealth
 + Level 8.6 Shields
 + Level 8.6 Unarmed Combat
 + Level 10.0 Spellcasting
 + Level 7.5 Conjurations
 + Level 7.2 Hexes
 + Level 7.2 Charms
 + Level 7.2 Summonings
 + Level 7.2 Necromancy
 + Level 7.2 Translocations
 + Level 7.2 Transmutations
 + Level 9.1 Fire Magic
 + Level 7.2 Ice Magic
 + Level 7.2 Air Magic
 + Level 7.2 Earth Magic
 + Level 7.2 Poison Magic
 + Level 9.4 Invocations
 + Level 8.6 Evocations


You had 28 spell levels left.
You knew the following spells:

 Your Spells              Type           Power        Failure   Level  Hunger
a - Foxfire               Conj/Fire      ####         14%         1    None

Your spell library contained the following spells:

 Spells                   Type           Power        Failure   Level  Hunger
 Beastly Appendage        Tmut           #####.       22%         1    None
 Freeze                   Ice            ####         22%         1    None
 Pain                     Necr           ####         22%         1    None
 Corpse Rot               Necr/Air       N/A          34%         2    None
 Shroud of Golubria       Chrm/Tloc      #####.       34%         2    None
 Sticks to Snakes         Tmut           #####...     34%         2    None
 Sublimation of Blood     Necr           #####.....   34%         2    None
 Conjure Flame            Conj/Fire      #####...     38%         3    None
 Inner Flame              Hex/Fire       #####...     41%         3    None
 Confusing Touch          Hex            #####...     56%         3    None
 Frozen Ramparts          Ice            #####.       56%         3    None
 Gell's Gravitas          Tloc           #####.....   56%         3    None
 Ozocubu's Armour         Chrm/Ice       #####...     56%         3    None
 Spider Form              Tmut/Pois      #####.....   56%         3    None
 Vampiric Draining        Necr           #####.....   56%         3    None
 Sticky Flame             Conj/Fire      #####...     80%         4    ##.....
 Hailstorm                Conj/Ice       #####...     90%         4    ##.....
 Animate Dead             Necr           N/A          92%         4    ##.....
 Dispel Undead            Necr           #####...     92%         4    ##.....
 Ice Form                 Ice/Tmut       #####...     92%         4    ##.....
 Petrify                  Tmut/Erth      #####...     92%         4    ##.....
 Summon Ice Beast         Ice/Summ       #####...     92%         4    ##.....
 Fireball                 Conj/Fire      #####.....   98%         5    ####...
 Agony                    Necr           #####...     99%         5    ####...
 Blade Hands              Tmut           #####.....   99%         5    ####...
 Metabolic Englaciation   Hex/Ice        #####.....   99%         5    ####...
 Yara's Violent Unravell  Hex/Tmut       #####.....   99%         5    ####...
 Eringya's Noxious Bog    Tmut/Pois      #####.....   100%        6    ######.
 Freezing Cloud           Conj/Ice/Air   #####.....   100%        6    ######.
 Ozocubu's Refrigeration  Ice            #####.....   100%        6    ######.
 Simulacrum               Ice/Necr       #####.....   100%        6    ######.


Dungeon Overview and Level Annotations

Branches:
Dungeon (1/1)

Altars:
Ashenzari
Cheibriados
Dithmenos
Elyvilon
Fedhas
Gozag
Hepliaklqana
Kikubaaqudgha
Makhleb
Nemelex Xobeh
Okawaru
Qazlal
Ru
Sif Muna
Trog
Uskayaw
Vehumet
Wu Jian
Xom
Yredelemnul
Zin
The Shining One
Beogh
Jiyva
Lugonu

Annotations:
D 1 transporter


Innate Abilities, Weirdness & Mutations

Your experience applies equally to all skills.
You have very sharp teeth.
Your uncanny sense of smell can sniff out nearby items.


Message History

You block the sun demon's attack.
BOUMMMMG!
Unknown command.
Unknown command.
Unknown command.
Unknown command.
Your Maxwell's patent armour prevents you from hitting the tentacled monstrosity.
The tentacled monstrosity is moderately wounded.
You block Eshret's attack.
PANG!
You block the tentacled monstrosity's attack.
GONNNNG!
The tentacled monstrosity tentacle-slaps you but does no damage.
You block the tentacled monstrosity's attack.
SHROANNG!
The tentacled monstrosity grabs you.
* * * LOW HITPOINT WARNING * * *
The tentacled monstrosity constricts you!
The sun demon hits you!
You die...

▓▓▓▓▓▓▓▓▓▓▓▓▓▓▓▓▓▓▓
▓...8©8...▓..8©8..▓
▓..:"=}...▓..).[..▓
▓...[=:...▓..)))..▓
▓.........▓.......▓
▓.........▓.......▓
▓..)X.X...▓.......▓
▓...3&....▓.......▓
▓.▓.X@&.▓.▓.▓...▓.▓
▓....©....▓...©...▓
▓▓▓▓▓▓▓▓▓▓▓▓▓▓▓▓▓▓▓
▓..8©8..▓ ∆∆∆∆∆
▓..[[)..▓ ∆∆∆
▓....)..▓ ▓.......▓
▓...(...▓ ▓...†...▓


You could see Eshret, Xiliq, 2 tentacled monstrosities, a sun demon and a large
abomination (summoned).

Vanquished Creatures
  2 deep elf knights (D)
  An orb spider (D)
  A spiny frog (D)
  3 yaktaurs (D)
  A red devil (D)
  A fire bat (shapeshifter) (D)
  A water elemental (D)
  2 yaks (D)
  A naga (shapeshifter) (D)
  A water moccasin (D)
  A porcupine (D)
  2 hell hounds (D)
  A centaur (D)
  2 small abominations (D)
  A crimson imp (D)
  A quasit (D)
  3 iron imps (D)
  An adder (D)
  A river rat (D)
  An ufetubus (D)
  3 ball pythons (D)
  A bat zombie (D)
  A jackal skeleton (D)
  A leopard gecko zombie (D)
34 creatures vanquished.

Notes
Turn   | Place    | Note
-------+----------+-------------------------------------------
     0 | D        | howech the Gnoll Fire Elementalist began the quest for the
                  | Orb.
     0 | D        | Reached XP level 1. HP: 13/13 MP: 6/6
     0 | D        | Found a shimmering blue altar of Sif Muna.
     0 | D        | Found a sacrificial altar of Ru.
     0 | D        | Found a bloodstained altar of Trog.
     0 | D        | Found a stormy altar of Qazlal.
     0 | D        | Found an iron altar of Okawaru.
     0 | D        | Found a sparkling altar of Nemelex Xobeh.
     0 | D        | Found a blossoming altar of Fedhas.
     1 | D        | Found the +6 Majin-Bo {vamp, Archmagi MP+6 Int+6}
     1 | D        | Found the +7 great mace "Firestarter" {inner flame, rF++}
     2 | D        | Found a transporter.
     2 | D        | Found an ancient bone altar of Kikubaaqudgha.
     2 | D        | Found a viscous altar of Jiyva.
     2 | D        | Found a corrupted altar of Lugonu.
     2 | D        | Found a hazy altar of Hepliaklqana.
     2 | D        | Found a burning altar of Makhleb.
     2 | D        | Found an opulent altar of Gozag.
    30 | D        | Found the +9 heavy crossbow "Sniper" {vorpal, Acc+∞ SInv}
    30 | D        | Found the +10 dark maul {vorpal}
    30 | D        | Found the +15 Maxwell's patent armour {-Cast -Tele rElec
                  | MR+ rCorr}
    30 | D        | Found the +18 shield of the Gong {rElec rN+ MR+ EV-5}
    30 | D        | Found the cursed +14 obsidian axe {vorpal, +Fly SInv
                  | *Curse}
    32 | D        | Found the +6 shillelagh "Devastator" {shatter}
    32 | D        | Found the +11 plutonium sword {*Contam Stlth-}
    32 | D        | Found the +8 lance "Wyrmbane" {slay drac, rPois rF+ rC+
                  | AC+3}
    32 | D        | Found the +9 sword of Zonguldrok {reap}
    32 | D        | Found the cursed +13 scythe of Curses {drain, *Curse}
    32 | D        | Found the +0 sword of Power
    32 | D        | Found the +7 mace of Variability {chain chaos}
    32 | D        | Found the +7 Singing Sword {vorpal, sonic wave}
    32 | D        | Found the +8 storm bow {elec, penet}
    56 | D        | Became a worshipper of Warmaster Okawaru
    65 | D        | Reached skill level 5 in Dodging
    65 | D        | Reached skill level 5 in Spellcasting
    65 | D        | Reached skill level 1 in Hexes
    65 | D        | Reached skill level 1 in Charms
    65 | D        | Reached skill level 1 in Summonings
    65 | D        | Reached skill level 1 in Necromancy
    65 | D        | Reached skill level 1 in Translocations
    65 | D        | Reached skill level 1 in Transmutations
    65 | D        | Reached skill level 1 in Ice Magic
    65 | D        | Reached skill level 1 in Air Magic
    65 | D        | Reached skill level 1 in Earth Magic
    65 | D        | Reached skill level 1 in Poison Magic
    65 | D        | Reached XP level 2. HP: 22/22 MP: 6/8
    66 | D        | Entered arena 2.
    66 | D        | Noticed a fire bat
    66 | D        | Noticed a naga
    66 | D        | Found a transporter.
    70 | D        | Killed a fire bat
    70 | D        | Reached * piety under Okawaru
    70 | D        | Reached skill level 5 in Stealth
    70 | D        | Reached skill level 6 in Spellcasting
    70 | D        | Reached XP level 3. HP: 29/30 MP: 6/10
    70 | D        | Reached XP level 4. HP: 35/37 MP: 7/12
    70 | D        | Reached XP level 5. HP: 40/42 MP: 7/13
    70 | D        | Killed a naga
    70 | D        | Reached ** piety under Okawaru
    70 | D        | Reached XP level 6. HP: 47/49 MP: 7/15
   122 | D        | Entered arena 3.
   122 | D        | Noticed a deep elf knight
   122 | D        | Noticed a deep elf knight
   122 | D        | Noticed a water elemental
   122 | D        | Found a transporter.
   127 | D        | Killed a deep elf knight
   127 | D        | Reached skill level 7 in Spellcasting
   127 | D        | Reached skill level 5 in Conjurations
   127 | D        | Reached XP level 7. HP: 54/58 MP: 16/18
   127 | D        | Killed a water elemental
   127 | D        | Reached skill level 8 in Spellcasting
   127 | D        | Reached skill level 5 in Hexes
   127 | D        | Reached skill level 5 in Charms
   127 | D        | Reached skill level 5 in Summonings
   127 | D        | Reached skill level 5 in Necromancy
   127 | D        | Reached skill level 5 in Translocations
   127 | D        | Reached skill level 5 in Transmutations
   127 | D        | Reached skill level 5 in Ice Magic
   127 | D        | Reached skill level 5 in Air Magic
   127 | D        | Reached skill level 5 in Earth Magic
   127 | D        | Reached skill level 5 in Poison Magic
   127 | D        | Reached XP level 8. HP: 59/64 MP: 17/20
   128 | D        | Killed a deep elf knight
   128 | D        | Reached *** piety under Okawaru
   128 | D        | Received a gift from Okawaru
   144 | D        | Entered arena 4.
   144 | D        | Noticed a yaktaur
   144 | D        | Noticed a yaktaur
   144 | D        | Noticed a yaktaur
   144 | D        | Found a transporter.
   151 | D        | Killed a yaktaur
   151 | D        | Reached XP level 9. HP: 48/72 MP: 19/21
   153 | D        | Killed a yaktaur
   153 | D        | Reached skill level 9 in Spellcasting
   159 | D        | Killed a yaktaur
   261 | D        | Entered arena 5.
   261 | D        | Found a transporter.
   281 | D        | Entered arena 6.
   281 | D        | Noticed an orb spider
   281 | D        | Found a transporter.
   282 | D        | Found the +8 frozen axe "Frostbite" {freezing cloud, *Noise
                  | +Fly rC+}
   300 | D        | Killed an orb spider
   302 | D        | Got Irugal's Guide on Twisted Envenoming
   346 | D        | Entered arena 7.
   353 | D        | Reached **** piety under Okawaru
   358 | D        | Found a transporter.
   366 | D        | Got the Reference Book on Lucky Dark Secrets
   399 | D        | Entered arena 8.
   399 | D        | Noticed a spiny frog
   400 | D        | Found a transporter.
   402 | D        | Reached XP level 10. HP: 80/80 MP: 23/23
   408 | D        | Killed a spiny frog
   409 | D        | Received a gift from Okawaru
   478 | D        | Entered arena 9.
   478 | D        | Noticed Eshret the pandemonium lord
   478 | D        | Noticed Xiliq the pandemonium lord
   478 | D        | Noticed a sun demon
   479 | D        | Noticed a large abomination
   479 | D        | Noticed a large abomination
   479 | D        | Noticed a tentacled monstrosity
   479 | D        | Noticed a large abomination
   480 | D        | Noticed a large abomination
   480 | D        | Noticed a tentacled monstrosity
   480 | D        | Found a transporter.
   484 | D        | Reached skill level 10 in Spellcasting
   485 | D        | Slain by a sun demon

Illustrated notes

Levels and vault maps discovered:
D:        sprint_v [room_start, room_1, room_2, room_3, room_4, room_5, room_6,
          room_7, room_8, room_9, room_10, room_11, room_12, room_13, room_14,
          room_15, room_16, room_17, room_18, room_19, room_20, room_21,
          room_22, room_23, room_24, room_25, room_26, room_27]

Skill      XL: |  1  2  3  4  5  6  7  8  9 10 |
---------------+-------------------------------+-----
Fighting       | 2 3 4 6 7 8 |  8.6
Short Blades   | 2 3 4 6 7 8 |  8.6
Long Blades    | 2 3 4 6 7 8 |  8.6
Axes           | 2 3 4 6 7 8 |  8.6
Maces & Flails | 2 3 4 6 7 8 |  8.6
Polearms       | 2 3 4 6 7 8 |  8.6
Staves         | 2 3 4 6 7 8 |  8.6
Slings         | 2 3 4 6 7 8 |  8.6
Bows           | 2 3 4 6 7 8 |  8.6
Crossbows      | 2 3 4 6 7 8 |  8.6
Throwing       | 2 3 4 6 7 8 |  8.6
Armour         | 2 3 4 6 7 8 |  8.6
Dodging        | 5 6 7 8 9 |  9.8
Shields        | 2 3 4 6 7 8 |  8.6
Unarmed Combat | 2 3 4 6 7 8 |  8.6
Spellcasting   | 5 6 7 8 9 10 | 10.0
Conjurations   | 2 3 4 5 6 7 |  7.5
Hexes          | 1 3 4 5 6 7 |  7.2
Charms         | 1 3 4 5 6 7 |  7.2
Summonings     | 1 3 4 5 6 7 |  7.2
Necromancy     | 1 3 4 5 6 7 |  7.2
Translocations | 1 3 4 5 6 7 |  7.2
Transmutations | 1 3 4 5 6 7 |  7.2
Ice Magic      | 1 3 4 5 6 7 |  7.2
Air Magic      | 1 3 4 5 6 7 |  7.2
Earth Magic    | 1 3 4 5 6 7 |  7.2
Poison Magic   | 1 3 4 5 6 7 |  7.2
Invocations    | 2 4 6 7 9 |  9.4
Evocations     | 2 3 4 6 7 8 |  8.6
Stealth        | 5 6 7 8 9 |  9.6
Fire Magic     | 6 7 8 9 |  9.1

Action                   |  1- 3 |  4- 6 |  7- 9 | 10-12 || total
-------------------------+-------+-------+-------+-------++-------
Melee: Double sword      |     3 |     3 |    41 |    10 ||    57
       Bite              |       |       |     7 |     1 ||     8
Invok: Heroism           |       |       |     1 |       ||     1
Evoke: Lightning rod     |       |       |     1 |     1 ||     2
  Use: Potion            |     1 |       |       |       ||     1
Armor: Plate armour      |       |     2 |    17 |     2 ||    21
Dodge: Dodged            |     1 |       |     5 |       ||     6
Block: Kite shield       |     8 |     7 |    58 |    25 ||    98
       Rpst.: Double sword |       |       |     1 |       ||     1
